 Dungeon Crawl Stone Soup version 0.22-a0-248-gc8378ba (webtiles) character file.

26 sankara the Charmwright (level 3, -3/29 HPs)
             Began as a Ghoul Skald on Feb 28, 2018.
             Slain by an adder (4 damage)
             ... on level 1 of the Dungeon.
             The game lasted 00:04:18 (999 turns).

sankara the Charmwright (Ghoul Skald)                Turns: 999, Time: 00:04:19

Health: -3/29      AC:  3    Str: 14    XL:     3   Next: 8%
Magic:  1/5        EV: 11    Int:  9    God:
Gold:   18         SH:  0    Dex:  8    Spells: 3/6 levels left

rFire    . . .     SeeInvis .   a - +0 mace
rCold    + . .     Gourm    .   (no shield)
rNeg     + + +     Faith    .   b - +0 leather armour
rPois    ∞         Spirit   .   (no helmet)
rElec    .         Reflect  .   (no cloak)
rCorr    .         Harm     .   (no gloves)
MR       .....                  (no boots)
Stlth    +.........             (no amulet)
HPRegen  0.00/turn              (no ring)
MPRegen  0.09/turn              (no ring)

@: very slightly contaminated, rotting
A: rotting body, claws 1, carnivore, cold resistance 1, negative energy
resistance 3, inhibited regeneration, torment resistance, unbreathing
a: no special abilities


You were on level 1 of the Dungeon.
You were not hungry.

You visited 1 branch of the dungeon, and saw 2 of its levels.

You collected 18 gold pieces.

Inventory:

Hand Weapons
 a - a +0 mace (weapon)
 k - a +0 hunting sling
   (You found it on level 1 of the Dungeon)
Missiles
 f - 22 stones (quivered)
Armour
 b - a +0 leather armour (worn)
Scrolls
 g - a scroll of remove curse {unknown}
 h - a scroll of random uselessness {unknown}
 j - a scroll of amnesia {unknown}
Potions
 e - a potion of degeneration {unknown}
 i - a potion of curing {unknown}
Comestibles
 c - 4 rations


   Skills:
 - Level 2.1 Fighting
 * Level 2.4 Maces & Flails
 - Level 0.8 Armour
 - Level 1.7 Dodging
 + Level 2.0 Spellcasting
 + Level 3.0 Charms
 + Level 0.4 Translocations


You had 3 spell levels left.
You knew the following spells:

 Your Spells              Type           Power        Failure   Level  Hunger
a - Infusion              Chrm           #...         12%         1    ##.....
b - Shroud of Golubria    Chrm/Tloc      #.........   30%         2    ###....


Dungeon Overview and Level Annotations

Branches:
Dungeon (2/15)

Altars:
Vehumet


Innate Abilities, Weirdness & Mutations

Your body is rotting away.
You thrive on raw meat.
You are immune to poison.
You have sharp fingernails.
You are carnivorous and can eat meat at any time.
Your flesh is cold resistant. (rC+)
You are immune to negative energy. (rN+++)
You do not regenerate when monsters are visible.
You are immune to unholy pain and torment.
You can survive without breathing.


Message History

A kobold comes into view.
The kobold shouts!
You hear a shout!
The goblin shoots a stone.
The stone closely misses you.
The kobold moves out of view.
The goblin shoots a stone.
The stone hits you.
Your shroud bends the goblin's attack away.
You see here a stone.
You barely miss the goblin. The goblin hits you but does no damage.
The goblin shoots a stone.
The stone closely misses you.
An adder comes into view.
You hit the goblin.
The goblin is moderately wounded.
The goblin hits you but does no damage.
You hit the goblin but do no damage.
The goblin is moderately wounded.
Your shroud begins to fray at the edges.
The goblin barely misses you. The kobold closely misses you.
You barely miss the goblin.
The goblin is moderately wounded.
The goblin hits you with a dagger. The kobold closely misses you.
Your shroud bends the goblin's attack away.
You hit the goblin.
You kill the goblin!
Your Charms skill increases to level 3!
The kobold misses you. The kobold barely misses you.
You barely miss the adder. The adder bites you.
The goblin unwields an uncursed hunting sling.
The goblin wields an uncursed dagger.
The goblin hits you but does no damage. The adder bites you.
Your shroud falls apart!
The kobold hits you.
You are too injured to fight recklessly!
You are too injured to fight recklessly!
Eat a chunk of flesh {@w0}? (ye/n/q)
You eat the chunk of flesh {@w0}.
This raw flesh tastes great!
The goblin closely misses you. The adder bites you but does no damage.
The kobold barely misses you.
A worm comes into view.
Okay, then.
The kobold hits you. The adder barely misses you.
The adder bites you but does no damage. The adder closely misses you.
Casting: Shroud of Golubria (safe; 30% risk of failure)
Confirm with . or Enter, or press ? or * to list all spells.
You miscast Shroud of Golubria.
You are very lightly contaminated with residual magic.
The air around you crackles with energy!
The adder bites you.
Casting: Shroud of Golubria (safe; 30% risk of failure)
Confirm with . or Enter, or press ? or * to list all spells.
You miscast Shroud of Golubria.
You feel uncomfortable. The adder bites you but does no damage.
The adder closely misses you.
You hit the adder.
The adder is moderately wounded.
The adder misses you.
You miss the adder.
The adder is moderately wounded.
The adder barely misses you. x2
You closely miss the adder.
The adder is moderately wounded.
The adder closely misses you.
You closely miss the adder.
The adder is moderately wounded.
The adder closely misses you. The adder barely misses you.
You closely miss the adder.
The adder is moderately wounded.
The adder misses you. The adder bites you.
You barely miss the adder.
The adder is moderately wounded.
The adder bites you.
You miss the adder.
The adder is moderately wounded.
The adder barely misses you. The adder bites you.
You hit the adder.
The adder is heavily wounded.
The adder barely misses you. The adder bites you.
* * * LOW HITPOINT WARNING * * *
Casting: Shroud of Golubria (safe; 30% risk of failure)
Confirm with . or Enter, or press ? or * to list all spells.
You miscast Shroud of Golubria.
Nothing appears to happen.
The adder bites you but does no damage. The adder closely misses you.
There is a stone staircase leading up here.
The adder closely misses you. The adder bites you but does no damage.
You climb upwards.
There is a stone staircase leading down here.
You barely miss the adder.
The adder is heavily wounded.
The adder bites you.
* * * LOW HITPOINT WARNING * * *
Okay, then.
You miss the adder.
The adder is heavily wounded.
The adder closely misses you. x2
You miss the adder.
The adder is heavily wounded.
The adder bites you.
* * * LOW HITPOINT WARNING * * *
The adder bites you.
You die...

### ################
#.################...............
................@S.##'##########.
#...........###.##.#≈.≈≈≈≈≈≈≈≈≈#.
#...........# #.##.#≈..........'.
............###.##.#≈.).......≈##
............+.^....#≈.........≈#
##..........###.##.#≈.........≈#
#..........# #.##.#≈.........≈#
#..........# #.##.#≈....#....≈#
##..........# #.##.#≈.........≈#


You could see an adder.

Vanquished Creatures
  4 giant cockroaches (D:1)
  5 hobgoblins (D:1)
  3 bats (D:1)
  A frilled lizard (D:1)
  4 goblins
  2 kobolds (D:1)
  7 rats (D:1)
26 creatures vanquished.

Notes
Turn   | Place    | Note
-------+----------+-------------------------------------------
     0 | D:1      | sankara the Ghoul Skald began the quest for the Orb.
     0 | D:1      | Reached XP level 1. HP: 17/17 MP: 2/2
   231 | D:1      | Reached skill level 2 in Maces & Flails
   235 | D:1      | Reached XP level 2. HP: 21/24 MP: 0/3
   304 | D:1      | Learned a level 2 spell: Shroud of Golubria
   575 | D:1      | Reached skill level 2 in Spellcasting
   753 | D:1      | Reached XP level 3. HP: 26/29 MP: 3/5
   959 | D:2      | Found a radiant altar of Vehumet.
   968 | D:2      | Reached skill level 3 in Charms
   989 | D:2      | HP: 6/29 [adder (3)]
   997 | D:1      | HP: 2/29 [adder (4)]
   999 | D:1      | Slain by an adder

Vault maps used:
D:1:      dpeg_arrival_ratfight, kennysheep_small_spiral
D:2:      cheibriados_altar_1, vehumet_crystals, first_ration

Skill      XL: |  1  2  3 |
---------------+----------+-----
Maces & Flails | 2 |  2.4
Spellcasting   | 2 |  2.0
Charms         | 3 |  3.0
Fighting       | |  2.1
Armour         | |  0.8
Dodging        | |  1.7
Translocations | |  0.4

Action                   || total
-------------------------++-------
Melee: Mace              ||    93
 Cast: Infusion          ||     4
       Shroud of Golubri ||     8
  Eat: Chunk             ||     4
Armor: Leather armour    ||    24
Dodge: Dodged            ||    85

Table legend:
 A = Spawn XP
 B = Non-spawn XP
 C = Spawn XP percentage of total XP
 D = Spawn monster count
 E = Non-spawn monster count
 F = Spawn count percentage of total count
 G = Total turns spent on level
                    A         B        C        D         E        F      G
               +---------+---------+-------+---------+---------+-------+---------
         Total |       0 |      38 |   0.0 |       0 |      26 |   0.0 |   999
               +---------+---------+-------+---------+---------+-------+---------
           D:1 |       0 |      36 |   0.0 |       0 |      25 |   0.0 |   949
           D:2 |       0 |       2 |   0.0 |       0 |       1 |   0.0 |    50
               +---------+---------+-------+---------+---------+-------+---------

Vault maps used:
D:1:      dpeg_arrival_ratfight, kennysheep_small_spiral
D:2:      cheibriados_altar_1, vehumet_crystals, first_ration

Table legend:
 A = Turns spent in this place as a percentage of turns spent in the entire game.
 B = Non-inter-level travel turns spent in this place as a percentage of non-inter-level travel turns spent in the entire game.
 C = Inter-level travel turns spent in this place as a percentage of turns spent in this place.
 D = Turns resting spent in this place as a percentage of non-inter-level travel turns spent in this place.
 E = Turns spent auto-exploring this place as a percentage of non-inter-level travel turns spent in this place.
 F = Non-inter-level travel turns spent in this place divided by the number of levels of this place that you've seen.
                   A       B       C       D       E      F
               +-------+-------+-------+-------+-------+----------------------
         Total | 100.0 | 100.0 |   2.6 |  28.8 |  42.7 | 486.5
       Dungeon | 100.0 | 100.0 |   2.6 |  28.8 |  42.7 | 486.5
               +-------+-------+-------+-------+-------+----------------------

Table legend:
 A = Kills in this place as a percentage of kills in entire the game.
 B = Kills by you in this place as a percentage of kills by you in the entire game.
 C = Kills by friends in this place as a percentage of kills by friends in the entire game.
 D = Other kills in this place as a percentage of other kills in the entire game.
 E = Experience gained in this place as a percentage of experience gained in the entire game.
 F = Experience gained in this place divided by the number of levels of this place that you have seen.
                   A       B       C       D       E      F
               +-------+-------+-------+-------+-------+----------------------
         Total | 100.0 | 100.0 |   N/A |   N/A | 100.0 |  19.0
       Dungeon | 100.0 | 100.0 |   N/A |   N/A | 100.0 |  19.0
               +-------+-------+-------+-------+-------+----------------------
